 Dungeon Crawl Stone Soup version 0.24-a0-203-gf0bc1e9 (webtiles) character file.

Game seed: 5095018618280351219

2722 Borgoz the Fighter (level 9, -3/81 HPs)
             Began as a Minotaur Monk on Mar 27, 2019.
             Was a Believer of Ashenzari.
             Slain by an ice beast (11 damage)
             ... on level 7 of the Dungeon.
             The game lasted 00:10:26 (7731 turns).

Borgoz the Fighter (Minotaur Monk)                  Turns: 7731, Time: 00:10:27

Health: -3/81      AC:  9    Str: 17    XL:     9   Next: 39%
Magic:  8/8        EV: 15    Int:  7    God:    Ashenzari [**....]
Gold:   384        SH:  0    Dex: 15    Spells: 8/8 levels left

rFire    . . .     SeeInvis .   a - +0 short sword
rCold    . . .     Gourm    .   (no shield)
rNeg     . . .     Faith    .   g - +0 ring mail
rPois    .         Spirit   .   (helmet restricted)
rElec    .         Reflect  .   l - +0 cloak
rCorr    .         Harm     .   y - +0 pair of gloves
MR       .....                  (no boots)
Stlth    ++........             (no amulet)
HPRegen  0.23/turn              (no ring)
MPRegen  0.11/turn              (no ring)

@: no status effects
A: retaliatory headbutt, horns 2
a: Curse Item, Scrying, Renounce Religion


You were on level 7 of the Dungeon.
You worshipped Ashenzari.
Ashenzari was pleased with you.
You were not hungry.

You visited 2 branches of the dungeon, and saw 8 of its levels.

You collected 384 gold pieces.

Inventory:

Hand Weapons
 a - a +0 short sword (weapon)
 b - a +0 blowgun
Missiles
 d - 3 javelins of penetration
 m - 6 curare-tipped needles
 n - 40 poisoned needles
 w - 6 javelins of returning (quivered)
 F - 5 tomahawks
Armour
 g - a +0 ring mail (worn)
 l - a +0 cloak (worn)
 y - a +0 pair of gloves (worn)
Jewellery
 B - an uncursed ring of magical power
Wands
 A - a wand of enslavement (18)
 C - a wand of clouds (4)
Scrolls
 i - a scroll of fear {unknown}
 j - 8 scrolls of identify {unknown}
 k - 6 scrolls of teleportation {unknown}
 p - a scroll of fog {unknown}
 q - 4 scrolls of remove curse
 r - a scroll of enchant armour {unknown}
 s - 2 scrolls of blinking {unknown}
 u - a scroll of noise {unknown}
 v - a scroll of magic mapping {unknown}
 x - a scroll of random uselessness {unknown}
Potions
 e - a potion of degeneration {unknown}
 f - 4 potions of lignification {unknown}
 h - a potion of brilliance {unknown}
 o - 4 potions of curing {unknown}
 t - a potion of agility {unknown}
 z - a potion of ambrosia {unknown}
 D - a potion of haste {unknown}
 G - a potion of berserk rage {unknown}
 H - a potion of invisibility {unknown}
 I - a potion of might {unknown}
 J - 3 potions of flight {unknown}
Comestibles
 c - 12 rations


   Skills:
 + Level 8.0 Fighting
 + Level 7.2 Short Blades
 + Level 6.9 Armour
 + Level 7.2 Dodging
 - Level 5.0 Stealth


You had 8 spell levels left.
You didn't know any spells.
Your spell library contained the following spells:

 Spells                   Type           Power        Failure   Level  Hunger
 Confusing Touch          Hex            #.....       61%         1    ##.....
 Confuse                  Hex            #.......     93%         3    ####...
 Gell's Gravitas          Tloc           #.........   93%         3    ####...
 Petrify                  Tmut/Erth      #.......     100%        4    #####..
 Metabolic Englaciation   Hex/Ice        #.........   100%        5    ######.
 Yara's Violent Unravell  Hex/Tmut       #.........   100%        5    ######.


Dungeon Overview and Level Annotations

Branches:
Dungeon (7/15)             Temple (1/1) D:6

Altars:
Ashenzari
Cheibriados
Dithmenos
Elyvilon
Fedhas
Gozag
Hepliaklqana
Kikubaaqudgha
Makhleb
Nemelex Xobeh
Okawaru
Qazlal
Ru
Sif Muna
Trog
Uskayaw
Vehumet
Wu Jian
Xom
Yredelemnul
Zin
The Shining One


Innate Abilities, Weirdness & Mutations

You reflexively headbutt those who attack you in melee.
You have a pair of horns on your head.


Message History

You hit the bullfrog. You headbutt the bullfrog.
You kill the bullfrog!
Your Fighting skill increases to level 8!
The adder bites you.
You barely miss the adder. The adder closely misses you.
You furiously retaliate!
You headbutt the adder, but do no damage.
The orc warrior hits you from afar with a +0 halberd!
Unknown command.
You hit the adder but do no damage. Your headbutt misses the adder.
The adder bites you. The ice beast closely misses you. You furiously retaliate!
You headbutt the ice beast.
Okay, then.
You hit the adder but do no damage. Your headbutt misses the adder.
The orc warrior hits you from afar with a +0 halberd!!
* * * LOW HITPOINT WARNING * * *
The adder bites you but does no damage. The ice beast hits you.
* * * LOW HITPOINT WARNING * * *
The ice beast freezes you!
You die...

, ⌠ , #.# , , #### ..# *, ,
##... * ..#*, * , #.... ,
..# *# * *##... * , ##.. #.
, ##.. * * *#..o{, .# * ,
##. * , , #.S#####.# * #. *,
#Y@##.#.# , #. ** ##..#.#.#
* *.. * ,*##.....# ,* * ##.
.# * *, *##....#, , * #.
..#* ,,,, ##.#)#,* , ##.
,#.# , ,*##.#### # * ##..
#.#..#, ,*##..#.##*.## ##...
*, #.##..#
##..##..###.###.... ,*
#..##..###..##............##


You could see an orc warrior, an ice beast and an adder.

Vanquished Creatures
  Duvessa (D:7)
  2 ice beasts (D:6)
  3 sky beasts
  4 orc warriors (D:6)
  A phantom (D:5)
  2 ogres (D:6)
  A centaur (D:6)
  4 bullfrogs
  4 scorpions
  A wyvern skeleton (D:7)
  Dowan (D:7)
  A wight (D:6)
  A howler monkey (D:4)
  A centaur zombie (D:5)
  2 crimson imps
  2 hounds (D:4)
  3 orc priests
  2 centaur skeletons
  2 orc wizards
  2 jellies
  A bullfrog skeleton (D:5)
  An iguana (D:6)
  7 worker ants
  A hound zombie (D:5)
  Robin (D:3)
  2 gnolls
  5 adders
  3 shadow imps
  3 oozes
  An adder skeleton (D:5)
  A dart slug (D:3)
  3 worms
  2 leopard geckos
  9 orcs
  7 giant cockroaches
  8 goblins
  16 hobgoblins
  12 jackals
  A quokka (D:7)
  4 ball pythons
  9 bats
  8 frilled lizards
  5 kobolds
  A leopard gecko zombie (D:6)
  5 rats
156 creatures vanquished.

Notes
Turn   | Place    | Note
-------+----------+-------------------------------------------
     0 | D:1      | Borgoz the Minotaur Monk began the quest for the Orb.
     0 | D:1      | Reached XP level 1. HP: 19/19 MP: 0/0
   259 | D:1      | Reached XP level 2. HP: 27/27 MP: 1/1
   385 | D:1      | Reached skill level 1 in Armour
   712 | D:2      | Reached skill level 4 in Fighting
   712 | D:2      | Reached XP level 3. HP: 27/33 MP: 2/2
  1518 | D:2      | Reached XP level 4. HP: 40/40 MP: 3/3
  1538 | D:2      | Found a sparkling altar of Nemelex Xobeh.
  1836 | D:3      | Noticed Robin
  1846 | D:3      | Killed Robin
  2125 | D:3      | Reached XP level 5. HP: 16/47 MP: 4/4
  3247 | D:4      | Reached XP level 6. HP: 50/55 MP: 5/5
  3452 | D:4      | Reached skill level 5 in Fighting
  3806 | D:5      | Entered Level 5 of the Dungeon
  4468 | D:5      | Reached XP level 7. HP: 51/61 MP: 6/6
  4599 | D:5      | Reached skill level 5 in Short Blades
  4599 | D:5      | Reached skill level 5 in Dodging
  5324 | D:6      | Reached skill level 6 in Fighting
  5470 | D:6      | Reached XP level 8. HP: 70/70 MP: 7/7
  5490 | D:6      | Reached skill level 5 in Armour
  5689 | D:6      | HP: 3/71 [orc warrior/+0 dire flail (18)]
  5698 | D:6      | Reached skill level 7 in Fighting
  6097 | D:6      | Found a staircase to the Ecumenical Temple.
  6116 | D:6      | Reached skill level 5 in Stealth
  6138 | Temple   | Entered the Ecumenical Temple
  6298 | Temple   | Became a worshipper of Ashenzari the Shackled
  6298 | Temple   | Reached * piety under Ashenzari
  6298 | Temple   | Reached ** piety under Ashenzari
  6443 | D:6      | Reached XP level 9. HP: 72/79 MP: 8/8
  7070 | D:7      | Noticed Duvessa
  7070 | D:7      | Noticed Dowan
  7071 | D:7      | Killed Dowan
  7090 | D:7      | Killed Duvessa
  7726 | D:7      | Noticed a two-headed ogre
  7728 | D:7      | Reached skill level 8 in Fighting
  7731 | D:7      | Slain by an ice beast

Levels and vault maps discovered:
D:1:      eino_arrival_cavern_b, layout_basic
D:2:      layout_loops_ring, nicolae_overflow_hidden_temple, grunt_ministairs_7
D:3:      layout_loops_cross, minmay_misc_feat_roman, uniq_robin
D:4:      layout_cave_pools, first_ration
D:5:      minmay_inner_zag, layout_basic
D:6:      minmay_razor_zed, layout_loops_corners, minmay_temple_entry_waves
D:7:      minmay_the_grid_octo_triangle [minmay_the_grid_octo_fat_diamond,
          minmay_the_grid_octo_prize_star, minmay_the_grid_octo_toaster],
          layout_loops_corners, the_bakery, uniq_duvessa
Temple:   kilobyte_greek_temple

Skill      XL: |  1  2  3  4  5  6  7  8  9 |
---------------+----------------------------+-----
Armour         | 1 2 3 4 6 |  6.9
Fighting       | 4 5 6 7 8 |  8.0
Stealth        | 2 3 4 5 |  5.0
Short Blades   | 4 5 6 7 |  7.2
Dodging        | 4 5 6 7 |  7.2

Action                   |  1- 3 |  4- 6 |  7- 9 || total
-------------------------+-------+-------+-------++-------
Melee: Short sword       |    85 |   208 |   290 ||   583
       Headbutt          |    15 |    37 |    71 ||   123
Evoke: Wand              |       |       |     4 ||     4
  Use: Potion            |       |     1 |     1 ||     2
 Stab: Sleeping          |     5 |     4 |     3 ||    12
       Distracted        |     1 |       |       ||     1
       Paralysed         |       |       |     2 ||     2
       Confused          |       |       |     2 ||     2
  Eat: Chunk             |     2 |     7 |     9 ||    18
       Ration            |       |     1 |       ||     1
Armor: Ring mail         |    22 |    60 |    65 ||   147
       Robe              |     1 |       |       ||     1
Dodge: Dodged            |    44 |   111 |   160 ||   315

Table legend:
 A = Non-vault XP
 B = Vault XP
 C = Vault XP percentage of total XP
 D = Non-vault monster count
 E = Vault monster count
 F = Vault count percentage of total count
                 A         B        C        D         E       F
            +---------+---------+-------+---------+---------+-------
      Total |    2557 |    1332 |  34.3 |     121 |      35 |  22.4
            +---------+---------+-------+---------+---------+-------
        D:1 |      31 |       0 |   0.0 |      15 |       0 |   0.0
        D:2 |      56 |      20 |  26.3 |      26 |       2 |   7.1
        D:3 |      99 |      35 |  26.1 |      26 |      11 |  29.7
        D:4 |     215 |       0 |   0.0 |       6 |       0 |   0.0
        D:5 |     703 |      52 |   6.9 |      20 |       3 |  13.0
        D:6 |    1118 |     805 |  41.9 |      18 |      12 |  40.0
        D:7 |     335 |     420 |  55.6 |      10 |       7 |  41.2
            +---------+---------+-------+---------+---------+-------
